 Dungeon Crawl Stone Soup version 0.23.2-40-g277498a001 (webtiles) character file.

Game seed: 14196309483877815043

35404 Exodus22XD the Thaumaturge (level 13, -2/63 HPs)
             Began as a Deep Elf Wizard on Aug 28, 2019.
             Was a High Priest of Sif Muna.
             Slain by a catoblepas (21 damage)
             ... on level 6 of the Lair of Beasts on Aug 30, 2019.
             The game lasted 02:53:38 (19038 turns).

Exodus22XD the Thaumaturge (Deep Elf Wizard)       Turns: 19038, Time: 02:53:44

Health: -2/63      AC:  9    Str:  4    XL:     13   Next: 47%
Magic:  44/50      EV:  7    Int: 29    God:    Sif Muna [*****.]
Gold:   1095       SH:  0    Dex: 13    Spells: 4/38 levels left

rFire    . . .     SeeInvis .   p - staff of conjuration
rCold    . . .     Gourm    .   (no shield)
rNeg     . . .     Faith    .   a - +0 robe
rPois    .         Spirit   .   b - +0 hat
rElec    .         Reflect  .   N - +2 cloak
rCorr    .         Harm     .   O - +2 pair of gloves
MR       +....                  h - +0 pair of boots (curse)
Stlth    ++........             z - amulet of the acrobat
HPRegen  0.20/turn              t - ring of magical power
MPRegen  0.32/turn              i - ring of magical power

@: about to teleport, petrifying (expiring), very slow
A: no striking features
a: Divine Energy, Channel Magic, Forget Spell, Renounce Religion


You were on level 6 of the Lair of Beasts.
You worshipped Sif Muna.
Sif Muna was extremely pleased with you.
You were not hungry.

You visited 3 branches of the dungeon, and saw 17 of its levels.

You collected 1095 gold pieces.

Inventory:

Armour
 a - a +0 robe (worn)
 b - a +0 hat (worn)
 h - a cursed +0 pair of boots (worn)
 N - a +2 cloak (worn)
 O - a +2 pair of gloves (worn)
Magical Staves
 p - an uncursed staff of conjuration (weapon)
 H - an uncursed staff of wizardry
Jewellery
 e - an uncursed ring of flight
 i - a ring of magical power (right hand)
 t - a ring of magical power (left hand)
 z - an amulet of the acrobat (around neck)
 D - an uncursed ring of positive energy {unknown}
 M - a cursed amulet of inaccuracy {unknown}
Wands
 s - a wand of polymorph (9)
 y - a wand of iceblast (14)
 E - a wand of flame (48)
 K - a wand of paralysis (9)
Scrolls
 c - a scroll of immolation
 g - 3 scrolls of fog {unknown}
 l - 4 scrolls of remove curse
 n - 3 scrolls of magic mapping {unknown}
 q - 4 scrolls of blinking {unknown}
 v - 2 scrolls of summoning {unknown}
 x - 5 scrolls of teleportation
 J - 2 scrolls of random uselessness {unknown}
 R - 2 scrolls of holy word {unknown}
Potions
 f - 3 potions of curing
 k - 2 potions of agility
 o - 3 potions of mutation
 r - 3 potions of resistance
 u - 3 potions of might
 A - a potion of ambrosia
 B - 2 potions of magic {unknown}
 I - a potion of haste
 L - a potion of brilliance {unknown}
 P - a potion of degeneration {unknown}
 Q - a potion of lignification {unknown}
Comestibles
 d - 29 rations


   Skills:
 - Level 5.1 Dodging
 - Level 2.4 Stealth
 - Level 13.0 Spellcasting
 - Level 12.2 Conjurations
 - Level 5.3 Summonings
 - Level 1.1 Translocations
 * Level 11.3 Fire Magic
 - Level 7.7 Ice Magic
 - Level 7.7 Air Magic
 - Level 9.3 Invocations


You had 4 spell levels left.
You knew the following spells:

 Your Spells              Type           Power        Failure   Level  Hunger
a - Throw Icicle          Conj/Ice       #######.     1%          4    None
b - Summon Ice Beast      Ice/Summ       ######..     1%          4    None
c - Blink                 Tloc           N/A          2%          2    None
d - Conjure Flame         Conj/Fire      #######.     1%          3    None
e - Mephitic Cloud        Conj/Pois/Air  ######..     1%          3    None
f - Poisonous Vapours     Pois/Air       #####.       1%          2    None
g - Freezing Cloud        Conj/Ice/Air   #######...   10%         6    ####...
h - Fireball              Conj/Fire      #######...   1%          5    ##.....
i - Iskenderun's Battles  Conj/Chrm      ######..     6%          5    ##.....

Your spell library contained the following spells:

 Spells                   Type           Power        Failure   Level  Hunger
 Flame Tongue             Conj/Fire      #####        1%          1    None
 Freeze                   Ice            ####         1%          1    None
 Magic Dart               Conj           ####         1%          1    None
 Call Imp                 Summ           #####...     1%          2    None
 Throw Frost              Conj/Ice       ######       1%          2    None
 Inner Flame              Hex/Fire       ######..     1%          3    None
 Ozocubu's Armour         Chrm/Ice       #####...     1%          3    None
 Force Lance              Conj/Tloc      ######..     1%          4    None
 Iskenderun's Mystic Bla  Conj           #######.     1%          4    None
 Slow                     Hex            ###.....     4%          2    None
 Irradiate                Conj/Tmut      ######....   6%          5    ##.....
 Poison Arrow             Conj/Pois      ######....   34%         6    ####...
 Ignition                 Fire           ######....   86%         8    #######
 Ring of Flames           Chrm/Fire      ######....   92%         7    ######.
 Hydra Form               Tmut           ###.......   99%         6    ####...
 Statue Form              Tmut/Erth      ###......    99%         6    ####...
 Dragon Form              Tmut           ###.......   100%        7    ######.
 Disjunction              Tloc           ####......   100%        8    #######
 Fire Storm               Conj/Fire      #######...   100%        9    #######


Dungeon Overview and Level Annotations

Branches:
Dungeon (10/15)            Temple (1/1) D:7            Lair (6/6) D:10
  Swamp (0/4) Lair:3        Snake (0/4) Lair:2          Orc (0/2) D:9
  Slime: Lair:5-6

Altars:
Ashenzari
Cheibriados
Dithmenos
Elyvilon
Fedhas
Gozag
Hepliaklqana
Kikubaaqudgha
Makhleb
Nemelex Xobeh
Okawaru
Qazlal
Ru
Sif Muna
Trog
Uskayaw
Vehumet
Xom
Yredelemnul
Zin
The Shining One

Shops:
D:8 (   D:9 *}}%:

Annotations:
D:9 exclusion: rime drake
D:10 Fannar
Lair:5 exclusion: 2 oklob plants


Message History

As you read the scroll of fear, it crumbles to dust.
You assume a fearsome visage.
The basilisk looks frightened!
The hippogriff looks frightened!
The elephant looks frightened! x3
The elephant resists with almost no effort.
The catoblepas resists with some effort.
You are engulfed in calcifying dust.
You are slowing down.
The catoblepas breathes a plume of calcifying dust at you.
The blast of calcifying dust hits you.
The blast of calcifying dust hits the hippogriff!
The catoblepas's attack snaps the hippogriff out of its fear.
The hippogriff is engulfed in calcifying dust.
The hippogriff stops moving altogether!
As you read the scroll labeled QISUCIP ZEPNA, it crumbles to dust.
You feel strangely unstable.
It was a scroll of teleportation.
You are engulfed in calcifying dust.
Your limbs have turned to stone.
The elephant is no longer petrified.
The catoblepas barely misses you.
The hippogriff is engulfed in calcifying dust.
The catoblepas gores you!!
You die...

## .P## ...###
####......
##P#..... .
#....P#....
###.YY..Y....
#..YY#§......
#.P.@#P......
#....H......Y
#........§......
.#.........Y....
#...............
#.#.............
...............
..............


You could see a catoblepas, 4 elephants and a hippogriff (petrified).

Vanquished Creatures
  4 hydras
  A two-headed ogre (D:9)
  6 death yaks (Lair:4)
  7 elephants (Lair:5)
  3 black mambas
  Joseph (Lair:1)
  6 spiny frogs
  A rime drake (shapeshifter) (D:9)
  10 komodo dragons
  3 rime drakes
  A queen bee (Lair:5)
  A polar bear (Lair:5)
  3 meliai (Lair:5)
  A hornet (D:9)
  7 hippogriffs
  9 blink frogs
  Sigmund (D:5)
  2 wyverns
  Eustachio (D:4)
  23 yaks
  4 basilisks
  6 porcupines
  12 water moccasins
  Purgy (D:4)
  4 ogres
  2 orc warriors
  A sky beast (D:10)
  3 ice beasts
  A phantom (D:9)
  2 centaurs (D:8)
  8 crocodiles
  A big kobold (D:9)
  13 bullfrogs
  Blork the orc (D:5)
  7 scorpions
  55 killer bees
  4 wights (D:7)
  A howler monkey (D:8)
  7 electric eels
  5 crimson imps
  2 bullfrog zombies
  2 centaur zombies
  2 hounds
  An orc priest (D:10)
  Crazy Yiuf (D:5)
  2 bullfrog skeletons
  A gnoll shaman (D:7)
  5 centaur skeletons
  An orc wizard (D:7)
  An iguana (D:8)
  Natasha (thrice) (D:2)
  4 worker ants
  2 hound zombies
  5 gnolls (D:7)
  9 adders
  2 shadow imps
  An ooze (D:1)
  An adder zombie (D:7)
  4 worms
  4 dart slugs
  6 leopard geckos
  18 orcs
  5 ball pythons
  14 bats
  8 giant cockroaches
  7 hobgoblins
  12 jackals
  15 kobolds
  3 quokkas
  A ball python zombie (D:5)
  7 frilled lizards
  13 goblins
  A leopard gecko skeleton (D:5)
  17 rats
  A butterfly (D:7)
  A fungus (Lair:5)
  3 plants (Lair:2)
  A toadstool (D:1)
415 creatures vanquished.

Vanquished Creatures (collateral kills)
  A hydra (Lair:3)
  A spiny frog (Lair:2)
  A komodo dragon (Lair:1)
  A hippogriff (Lair:3)
  4 yaks (Lair:2)
  A basilisk (Lair:3)
  2 crocodiles (Lair:1)
  A big kobold (D:10)
  A bullfrog (Lair:2)
  A wyvern skeleton (D:9)
  5 killer bees
  A worker ant (D:5)
20 creatures vanquished.

Vanquished Creatures (others)
  A killer bee (D:8)
  A gnoll (D:10)
  A bush (Lair:4)
  15 fungi
  11 plants
  3 toadstools (D:1)
32 creatures vanquished.

Grand Total: 467 creatures vanquished

Notes
Turn   | Place    | Note
-------+----------+-------------------------------------------
     0 | D:1      | Exodus22XD the Deep Elf Wizard began the quest for the Orb.
     0 | D:1      | Reached XP level 1. HP: 10/10 MP: 7/7
   213 | D:1      | Reached XP level 2. HP: 9/15 MP: 1/9
  1243 | D:2      | Learned a level 2 spell: Call Imp
  1246 | D:2      | Learned a level 2 spell: Blink
  1251 | D:2      | Reached XP level 3. HP: 19/19 MP: 1/10
  1483 | D:2      | Noticed Natasha
  1487 | D:2      | Killed Natasha
  1491 | D:2      | Noticed Natasha
  1495 | D:2      | Killed Natasha
  1495 | D:2      | Reached XP level 4. HP: 20/24 MP: 3/12
  1571 | D:2      | Noticed Natasha
  1575 | D:2      | Killed Natasha
  1979 | D:2      | Reached XP level 5. HP: 28/28 MP: 6/13
  2214 | D:2      | Learned a level 3 spell: Conjure Flame
  2220 | D:2      | Learned a level 3 spell: Mephitic Cloud
  2228 | D:2      | Found a glowing golden altar of the Shining One.
  2375 | D:3      | Reached skill level 1 in Fire Magic
  2932 | D:3      | Reached XP level 6. HP: 32/32 MP: 14/14
  3276 | D:4      | Found a blossoming altar of Fedhas.
  3313 | D:4      | Noticed Purgy
  3321 | D:4      | Killed Purgy
  3464 | D:4      | Noticed Eustachio
  3473 | D:4      | Killed Eustachio
  3473 | D:4      | Reached XP level 7. HP: 36/36 MP: 14/15
  3650 | D:4      | Reached skill level 5 in Summonings
  3849 | D:4      | Reached skill level 5 in Conjurations
  4133 | D:5      | Entered Level 5 of the Dungeon
  4350 | D:5      | Noticed Blork the orc
  4367 | D:5      | Killed Blork the orc
  4367 | D:5      | Reached skill level 5 in Spellcasting
  4378 | D:5      | Noticed Sigmund
  4386 | D:5      | Killed Sigmund
  4386 | D:5      | Reached skill level 7 in Spellcasting
  4415 | D:5      | Reached XP level 8. HP: 39/41 MP: 15/20
  4535 | D:5      | Found a runed translucent door.
  4536 | D:5      | Noticed Crazy Yiuf
  4605 | D:5      | Killed Crazy Yiuf
  4931 | D:5      | Reached skill level 5 in Fire Magic
  5076 | D:5      | Found a basalt altar of Yredelemnul.
  5367 | D:6      | Found a shimmering altar of Xom.
  5416 | D:6      | Reached skill level 8 in Spellcasting
  5429 | D:6      | Learned a level 2 spell: Poisonous Vapours
  6195 | D:7      | Found a shimmering altar of Xom.
  6458 | D:7      | Found a staircase to the Ecumenical Temple.
  6463 | Temple   | Entered the Ecumenical Temple
  6569 | Temple   | Became a worshipper of Sif Muna the Loreminder
  6657 | D:7      | Reached XP level 9. HP: 45/45 MP: 23/23
  6941 | D:7      | Found an iron altar of Okawaru.
  7385 | D:8      | Reached * piety under Sif Muna
  7385 | D:8      | Reached skill level 9 in Spellcasting
  7398 | D:8      | Reached skill level 10 in Conjurations
  7492 | D:8      | Found Riuwu's Antique Weapon Shop.
  7628 | D:8      | Reached skill level 1 in Invocations
  7822 | D:8      | Reached skill level 10 in Spellcasting
  7911 | D:8      | Found an ancient bone altar of Kikubaaqudgha.
  7911 | D:8      | Found a hazy altar of Hepliaklqana.
  7916 | D:8      | Found a faded altar of an unknown god.
  7918 | D:8      | Found a burning altar of Makhleb.
  7920 | D:8      | Found a faded altar of an unknown god.
  8049 | D:9      | Found Xelotix's Food Shoppe.
  8115 | D:9      | Reached ** piety under Sif Muna
  8238 | D:9      | Reached XP level 10. HP: 48/50 MP: 26/26
  8350 | D:9      | Found Keekimue's Gadget Shoppe.
  8498 | D:9      | Reached skill level 11 in Spellcasting
  8532 | D:9      | Found Haalag's Book Emporium.
  8614 | D:9      | Noticed a two-headed ogre
  8630 | D:9      | Killed a two-headed ogre
  8630 | D:9      | Reached skill level 5 in Invocations
  8664 | D:9      | Learned a level 6 spell: Freezing Cloud
  8745 | D:9      | Found Umnoropt's Gadget Shop.
  8789 | D:9      | Reached skill level 1 in Ice Magic
  9003 | D:9      | Found Mecluy's General Store.
  9008 | D:9      | Found a staircase to the Orcish Mines.
  9097 | D:9      | Reached *** piety under Sif Muna
  9225 | D:10     | Entered Level 10 of the Dungeon
  9248 | D:10     | Noticed Fannar
  9533 | D:10     | Noticed a spiny frog
  9538 | D:9      | a spiny frog changed into a polar bear
  9803 | D:10     | Reached skill level 5 in Ice Magic
  9977 | D:10     | Reached **** piety under Sif Muna
  9977 | D:10     | Reached skill level 1 in Air Magic
 10265 | D:10     | Learned a level 4 spell: Summon Ice Beast
 10301 | D:10     | Reached XP level 11. HP: 41/54 MP: 28/28
 10445 | D:10     | Found a staircase to the Lair.
 10596 | Lair:1   | Entered Level 1 of the Lair of Beasts
 10959 | Lair:1   | Reached skill level 5 in Air Magic
 11553 | Lair:1   | Noticed Joseph
 11839 | Lair:1   | Killed Joseph
 12112 | Lair:1   | Noticed a seven-headed hydra
 12118 | Lair:1   | Killed a seven-headed hydra
 13031 | Lair:2   | Found a staircase to the Snake Pit.
 13195 | Lair:2   | Reached ***** piety under Sif Muna
 13506 | Lair:3   | Identified Sif Muna's Tome of Burning Displacement (Sif
                  | Muna gifted it to you on level 3 of the Lair of Beasts)
 13506 | Lair:3   | Received a gift from Sif Muna
 13525 | Lair:3   | Learned a level 5 spell: Fireball
 13819 | Lair:3   | Found a staircase to the Swamp.
 13926 | Lair:3   | Noticed a six-headed hydra
 13934 | Lair:3   | Killed a six-headed hydra
 15614 | Lair:4   | Reached XP level 12. HP: 59/59 MP: 29/29
 15674 | Lair:4   | Learned a level 4 spell: Throw Icicle
 15724 | Lair:4   | Reached skill level 5 in Dodging
 15990 | Lair:4   | Noticed a death yak
 15998 | Lair:4   | Killed a death yak
 16000 | Lair:4   | Noticed a death yak
 16000 | Lair:4   | Noticed a death yak
 16005 | Lair:4   | Killed a death yak
 16011 | Lair:4   | Noticed a death yak
 16011 | Lair:4   | Noticed a death yak
 16013 | Lair:4   | Killed a death yak
 16013 | Lair:4   | Reached skill level 12 in Spellcasting
 16013 | Lair:4   | Noticed a death yak
 16236 | Lair:4   | Reached skill level 13 in Spellcasting
 16520 | Lair:4   | Killed a death yak
 16746 | Lair:4   | Killed a death yak
 16751 | Lair:4   | Killed a death yak
 16911 | Lair:5   | Noticed an eight-headed hydra
 17118 | Lair:5   | Killed an eight-headed hydra
 17242 | Lair:5   | Noticed a four-headed hydra
 17249 | Lair:5   | Killed a four-headed hydra
 17249 | Lair:5   | Identified Sif Muna's Catalogue of Confrontation (Sif Muna
                  | gifted it to you on level 5 of the Lair of Beasts)
 17249 | Lair:5   | Received a gift from Sif Muna
 17249 | Lair:5   | Reached XP level 13. HP: 63/63 MP: 32/32
 17268 | Lair:5   | Learned a level 5 spell: Iskenderun's Battlesphere
 18145 | Lair:5   | Reached skill level 10 in Fire Magic
 19021 | Lair:6   | Entered Level 6 of the Lair of Beasts
 19038 | Lair:6   | Slain by a catoblepas

Skill      XL: |  1  2  3  4  5  6  7  8  9 10 11 12 13 |
---------------+----------------------------------------+-----
Conjurations   | 2 3 4 5 8 10 11 12 | 12.2
Summonings     | 2 3 4 5 |  5.3
Fire Magic     | 3 4 5 7 11 | 11.3
Spellcasting   | 7 8 10 11 13 | 13.0
Invocations    | 3 5 9 |  9.3
Ice Magic      | 6 7 |  7.7
Air Magic      | 2 7 |  7.7
Dodging        | 3 5 |  5.1
Stealth        | |  2.4
Translocations | |  1.1

Action                   |  1- 3 |  4- 6 |  7- 9 | 10-12 | 13-15 || total
-------------------------+-------+-------+-------+-------+-------++-------
Melee: Unarmed           |     6 |       |       |       |       ||     6
       Staff             |       |       |     3 |       |       ||     3
 Cast: Magic Dart        |    68 |   157 |   347 |   386 |       ||   958
       Conjure Flame     |       |     5 |    33 |    48 |       ||    86
       Mephitic Cloud    |       |     5 |    18 |    26 |       ||    49
       Call Imp          |       |       |    13 |       |       ||    13
       Blink             |       |       |     1 |    12 |     1 ||    14
       Poisonous Vapours |       |       |     2 |     9 |     1 ||    12
       Summon Ice Beast  |       |       |       |    19 |     2 ||    21
       Freezing Cloud    |       |       |       |    13 |     7 ||    20
       Fireball          |       |       |       |     9 |     2 ||    11
       Throw Icicle      |       |       |       |    81 |   101 ||   182
       Iskenderun's Batt |       |       |       |       |     2 ||     2
Invok: Forget Spell      |       |       |       |     1 |       ||     1
       Divine Energy     |       |       |       |     1 |     1 ||     2
       Stop Divine Energ |       |       |       |     1 |     1 ||     2
       Channel Magic     |       |       |       |       |     1 ||     1
  Use: Scroll            |       |     5 |     1 |    10 |     4 ||    20
       Potion            |       |       |       |    10 |       ||    10
  Eat: Chunk             |     1 |     7 |    13 |    19 |     7 ||    47
       Ration            |       |       |       |     4 |       ||     4
Armor: Robe              |       |     2 |     3 |    10 |    10 ||    25
Dodge: Dodged            |     8 |     9 |    47 |    82 |    27 ||   173
